 Dungeon Crawl Stone Soup version 0.20-a0-1114-g33edf32 (console) character file.

5331 HAIRYMCFLAIRBEAR the Basher (level 10, -2/79 HPs)
             Began as a Barachi Arcane Marksman on May 7, 2017.
             Was a Believer of Makhleb.
             Slain by an ice devil (10 damage)
             ... in an ice cave.
             The game lasted 01:11:56 (8873 turns).

HAIRYMCFLAIRBEAR the Basher (BaAM)                  Turns: 8873, Time: 01:11:57

Health: -2/79      AC: 18    Str: 14    XL:     10   Next: 64%
Magic:  11/11      EV:  9    Int: 14    God:    Makhleb [**....]
Gold:   76         SH: 10    Dex: 13    Spells: 8/11 levels left

rFire    . . .     SeeInvis .   a - +2 whip (elec)
rCold    + . .     Gourm    .   C - +0 shield
rNeg     . . .     Faith    .   K - +0 ring mail {rC+}
rPois    +         Spirit   .   (no helmet)
rElec    .         Reflect  .   M - +0 cloak
rCorr    .         Harm     .   (no gloves)
MR       .....                  w - +1 pair of boots
Stlth    +.........             (no amulet)
Regen    0.3/turn               p - ring of poison resistance
MPRegen  0.2/turn               o - ring of Robustness {AC+8, =R}

@: slow
A: +LOS, swims, rugged brown scales 2, blink, blurry vision 1, slowness 1,
strong legs 1
a: Hop, Blink, Minor Destruction, Renounce Religion


You were in an ice cave.
You worshipped Makhleb.
Makhleb was pleased with you.
You were hungry.

You visited 3 branches of the dungeon, and saw 10 of its levels.
You also visited: Sewer and Ice Cave.

You collected 356 gold pieces.
You spent 280 gold pieces at shops.

Inventory:

Hand Weapons
 a - a +2 whip of electrocution (weapon)
 b - a +0 blowgun
 h - a +2 trident of venom
Missiles
 c - 7 needles of sleeping
 d - a throwing net
 g - 8 tomahawks
 y - 40 poisoned needles
 A - a javelin (quivered)
Armour
 n - a +2 ring mail of positive energy
 w - a +1 pair of boots (worn)
 C - a +0 shield (worn)
 D - a +0 large shield
 K - a +0 ring mail of cold resistance (worn)
 M - a +0 cloak (worn)
Jewellery
 f - an uncursed ring of fire
 m - an uncursed ring of protection from magic
 o - the ring of Robustness (right hand) {AC+8, =R}
   (You took it off Ijyb on level 5 of the Dungeon)

   [ring of protection]

   It affects your AC (+8).
 p - a ring of poison resistance (left hand)
 J - an uncursed amulet of the gourmand
Wands
 j - a wand of iceblast (4/15)
 s - a wand of confusion (27/48)
Scrolls
 e - 3 scrolls of remove curse
 k - 2 scrolls of enchant weapon
 q - a scroll of fog
 t - 6 scrolls of teleportation
 u - 2 scrolls of amnesia
 v - a scroll of magic mapping
 E - a scroll of blinking
 F - a scroll of fear
 G - a scroll of recharging {unknown}
 H - a scroll of acquirement {unknown}
Potions
 l - a potion of flight
 r - 3 potions of magic
 x - a potion of lignification
 B - 3 potions of haste
Comestibles
 i - 4 bread rations
 I - 3 royal jellies
 L - a fruit


   Skills:
 - Level 5.8 Fighting
   Level 2.1 Short Blades
 * Level 12.0 Maces & Flails
 - Level 3.2 Polearms
 - Level 4.1 Throwing
 - Level 1.2 Armour
 - Level 2.1 Dodging
 + Level 7.7 Shields
 - Level 1.1 Spellcasting
 - Level 3.2 Hexes
 + Level 1.6 Invocations


You had 8 spell levels left.
You knew the following spells:

 Your Spells              Type           Power        Failure   Level  Hunger
d - Slow                  Hex            #.......     47%         2    ###....
s - Corona                Hex            #......      34%         1    ##.....


Dungeon Overview and Level Annotations

Branches:
Dungeon (8/15)             Temple (1/1) D:5            Lair (1/6) D:8

Altars:
Ashenzari
Cheibriados
Dithmenos
Elyvilon
Fedhas
Gozag
Hepliaklqana
Kikubaaqudgha
Makhleb
Nemelex Xobeh
Okawaru
Qazlal
Ru
Sif Muna
Trog
Uskayaw
Vehumet
Wu Jian
Xom
Yredelemnul
Zin
The Shining One

Shops:
D:8 =

Annotations:
D:1 exclusion: 2 downstairs
D:4 dig vault, exclusion: downstairs
D:5 exclusion: downstairs
D:6 Munq's ghost, novice HOFi


Innate Abilities, Weirdness & Mutations

Shadows flee at your approach. (+LOS)
You can swim through water.
You cover ground slowly.
You can hop short distances.
You are mostly covered in rugged brown scales. (AC +2, +5% HP)
You can translocate small distances at will.
Scrolls take you a little longer to read.


Message History

Okay, then.
Unknown command.
Cast which spell? (? or * to list)
Okay, then.
Cast which spell? (? or * to list)
Okay, then.
Use which ability? (? or * to list)
You fail to use your ability.
The ice devil hits you but does no damage.
Use which ability? (? or * to list)
You blink.
You feel slightly more hungry.
The ice devil hits you but does no damage.
Use which ability? (? or * to list)
You blink.
You feel slightly more hungry. The ice devil hits you.
The ice devil freezes you. You resist.
* * * LOW HITPOINT WARNING * * *
The ice devil hits you.
* * * LOW HITPOINT WARNING * * *
The ice devil freezes you! You resist.
You die... ▒▒▒▒ ▒▒∙∙∙∙ ∙∙∙∙∙∙ ∙∙∙∙∙∙∙ ▒▒▒▒ ∙∙∙∙∙∙∙

▒▒∙∙▒▒▒▒▒▒ ▒∙∙∙∙∙∙∙
▒▒∙∙4F▒▒∙∙▒▒∙∙∙∙∙∙∙∙
▒∙∙#4∙∙∙∙∙∙∙∙∙∙∙∙∙∙∙
▒∙∙∩∩∙∙∙∙∙∙∙(((∙∙∙⌠∙
▒∙∙∙∙∙∙∙▒▒∙∙∙∙∙∙∙∙∙∙
▒▒∙∙∙∙▒▒▒▒▒▒∙∙∙∙∙∙∙∙
▒▒∙∙▒▒ ▒∙∙∙∙∙∙∙ ▒▒▒▒


∙∙∙∙∙∙∙ ∙∙∙∙∙∙∙ ∙∙∙∙∙∙ You could see 2 ice devils.

Vanquished Creatures
  2 two-headed ogres
  An ice devil (IceCv)
  The ghost of brevous the Insei, an amateur MfTm of Cheibriados (D:3)
  2 hippogriffs
  2 humans (D:7)
  A water moccasin (D:5)
  2 hell hounds (D:8)
  Purgy (Sewer)
  A black bear (D:8)
  2 ogres
  8 ice beasts (Lair:1)
  A necrophage (D:8)
  4 bullfrogs
  4 scorpions
  3 crimson imps
  A bullfrog zombie (D:8)
  4 hounds
  A centaur zombie (D:5)
  2 jellies
  Crazy Yiuf (D:3)
  4 orc wizards
  Ijyb (D:5)
  2 orc priests
  Natasha (D:2)
  2 iguanas
  2 worker ants
  A hound zombie (D:5)
  A howler monkey skeleton (D:6)
  16 adders
  A river rat (D:5)
  2 shadow imps
  9 oozes (D:2)
  An adder skeleton (D:5)
  2 worms (D:2)
  3 dart slugs (D:1)
  3 leopard geckos
  14 orcs
  4 giant cockroaches
  8 goblins
  4 hobgoblins (D:1)
  16 jackals
  13 kobolds
  3 quokkas
  5 ball pythons
  8 bats
  8 frilled lizards
  2 jackal skeletons (D:4)
  A jackal zombie (D:6)
  A leopard gecko skeleton (D:7)
  A quokka skeleton (D:5)
  8 rats
191 creatures vanquished.

Vanquished Creatures (others)
  A fungus (D:2)
  9 toadstools (D:2)
10 creatures vanquished.

Grand Total: 201 creatures vanquished

Notes
Turn   | Place    | Note
-------+----------+-------------------------------------------
     0 | D:1      | HAIRYMCFLAIRBEAR the Barachi Arcane Marksman began the quest for the Orb.
     0 | D:1      | Reached XP level 1. HP: 15/15 MP: 2/2
   158 | D:1      | Reached XP level 2. HP: 21/21 MP: 0/3
   308 | D:1      | --christ
   669 | D:1      | Learned a level 2 spell: Slow
   967 | D:1      | Reached XP level 3. HP: 27/27 MP: 2/4
  1109 | D:2      | Found a white marble altar of Elyvilon.
  1283 | D:2      | Noticed Natasha
  1284 | D:2      | --that's not good
  1296 | D:2      | --god damn it natasha
  1303 | D:2      | HP: 5/27 [white imp/puff of frost[Natasha] (4)]
  1314 | D:2      | HP: 3/27 [frilled lizard (3)]
  1757 | D:2      | --there's a better weapon
  2028 | D:2      | Reached XP level 4. HP: 35/35 MP: 5/5
  2129 | D:2      | --fuck me
  2151 | D:2      | --damn jellies
  2153 | D:2      | --come on
  2254 | D:2      | --fuck
  2259 | D:1      | --.......
  2424 | D:2      | Reached skill level 1 in Short Blades
  2578 | D:2      | --.........
  2579 | D:2      | Reached XP level 5. HP: 42/42 MP: 0/6
  2848 | D:2      | --come on
  3062 | D:2      | --hm
  3066 | D:2      | --come ON
  3074 | D:2      | Killed Natasha
  3075 | D:2      | --fucker
  3241 | D:2      | Became a worshipper of Elyvilon the Healer
  3242 | D:2      | Fell from the grace of Elyvilon
  3301 | D:2      | Reached skill level 5 in Fighting
  3468 | D:3      | You fall through a shaft for 2 floors!
  3468 | D:5      | Entered Level 5 of the Dungeon
  3469 | D:5      | --well if that isn't a bunch of balls
  3537 | D:5      | Reached XP level 6. HP: 33/51 MP: 7/7
  3670 | D:5      | Noticed a water moccasin
  3671 | D:5      | --not great
  3673 | D:5      | Noticed Ijyb
  3685 | D:5      | --so much for fucking corona
  3898 | D:5      | --hm
  3911 | D:5      | --boom
  3920 | D:5      | --hm
  3927 | D:5      | Noticed a two-headed ogre
  3927 | D:5      | --wow man
  3990 | D:4      | Reached skill level 1 in Polearms
  4045 | D:4      | Found a shadowy altar of Dithmenos.
  4254 | D:4      | --haha go figure
  4256 | D:4      | --fuck this
  4262 | D:4      | HP: 11/52 [ogre/giant club (26)]
  4263 | D:4      | --well fuck
  4266 | D:4      | Reached XP level 7. HP: 25/57 MP: 4/8
  4986 | D:3      | Found a faded altar of an unknown god.
  5077 | D:3      | Reached skill level 1 in Maces & Flails
  5117 | D:3      | Found a runed door.
  5121 | D:3      | Noticed Crazy Yiuf
  5142 | D:3      | Killed Crazy Yiuf
  5142 | D:3      | Reached skill level 2 in Maces & Flails
  5291 | D:3      | Noticed brevous's ghost (amateur MfTm)
  5293 | D:3      | --fuck
  5318 | D:3      | --meh
  5405 | D:3      | Killed brevous's ghost
  5405 | D:3      | Reached skill level 4 in Maces & Flails
  5875 | D:4      | Reached skill level 1 in Armour
  5875 | D:4      | Reached XP level 8. HP: 64/64 MP: 9/9
  6041 | D:5      | --oh hi
  6043 | D:5      | --haha let's come back for that
  6177 | D:4      | --whoops
  6202 | D:5      | Found a staircase to the Ecumenical Temple.
  6229 | D:5      | --oh
  6231 | D:5      | --ugh
  6238 | D:5      | --ahahahaha
  6239 | D:5      | --nice
  6239 | D:5      | Gained mutation: You can translocate small distances at will. [potion of mutation]
  6239 | D:5      | Gained mutation: Scrolls take you a little longer to read. [potion of mutation]
  6239 | D:5      | Gained mutation: You are partially covered in rugged brown scales. (AC +1, +3% HP) [potion of mutation]
  6239 | D:5      | Gained mutation: You are mostly covered in rugged brown scales. (AC +2, +5% HP) [potion of mutation]
  6240 | D:5      | --well that's... yeah
  6248 | D:5      | HP: 29/100 [two-headed ogre/giant club (3)]
  6251 | D:5      | Killed a two-headed ogre
  6251 | D:5      | Reached skill level 7 in Maces & Flails
  6255 | D:5      | HP: 21/100 [centaur zombie (1)]
  6267 | D:5      | Killed Ijyb
  6586 | Temple   | Entered the Ecumenical Temple
  6592 | Temple   | Became a worshipper of Makhleb the Destroyer
  6658 | D:5      | Reached XP level 9. HP: 72/72 MP: 10/10
  6662 | D:5      | Found a hazy altar of Hepliaklqana.
  6677 | D:5      | Reached skill level 8 in Maces & Flails
  6931 | D:6      | Noticed Munq's ghost (novice HOFi)
  6984 | D:6      | Found a shattered altar of Ashenzari.
  6984 | D:6      | Found a glowing drain.
  6993 | Sewer    | Entered a sewer
  7039 | Sewer    | Noticed Purgy
  7078 | Sewer    | Killed Purgy
  7078 | Sewer    | Was forgiven by Elyvilon
  7149 | D:6      | --oh right
  7374 | D:7      | Reached * piety under Makhleb
  7374 | D:7      | Reached skill level 5 in Shields
  7401 | D:7      | Reached skill level 9 in Maces & Flails
  7512 | D:7      | Found a sparkling altar of Nemelex Xobeh.
  7603 | D:7      | Found an iron altar of Okawaru.
  7969 | D:7      | Reached skill level 10 in Maces & Flails
  8256 | D:8      | Reached ** piety under Makhleb
  8367 | D:8      | Noticed a two-headed ogre
  8378 | D:8      | Reached XP level 10. HP: 79/79 MP: 11/11
  8388 | D:8      | Killed a two-headed ogre
  8388 | D:8      | Reached skill level 11 in Maces & Flails
  8481 | D:8      | --why
  8528 | D:8      | Found Wiqoig's Jewellery Shop.
  8531 | D:8      | Found a staircase to the Lair.
  8532 | D:8      | --hello
  8695 | D:8      | Bought an uncursed ring of poison resistance for 280 gold pieces
  8731 | Lair:1   | Entered Level 1 of the Lair of Beasts
  8732 | Lair:1   | --LABYRINTH AND ICE CAVE ON LAIR:1
  8732 | Lair:1   | --You have a rC+ ring mail and 2 scrolls of ?mapping
  8732 | Lair:1   | --Ice cave appears to be right there ^
  8732 | Lair:1   | --Good char is good, large shield in inventory.
  8761 | Lair:1   | Found a frozen archway.
  8777 | Lair:1   | Reached skill level 1 in Invocations
  8829 | IceCv    | Entered an ice cave
  8842 | IceCv    | Reached skill level 12 in Maces & Flails
  8873 | IceCv    | Slain by an ice devil

Vault maps used:
D:1:      eino_arrival_water_cross
D:2:      cheibrodos_fertilizer, elyvilon_altar_5, hex_medium, uniq_natasha
D:3:      chequers_ecumenical_altar_island, first_bread, uniq_crazy_yiuf_cottage
D:4:      lemuel_doored_altar, serial_glass, glass_columns_a, glass_columns_a,
          feat_on_display, due_unseen_surprise, item_on_display_a,
          minmay_strange_pillars, minmay_close_crescents
D:5:      nicolae_overflow_crystal_walls, minmay_temple_entry_mist, uniq_ijyb
D:6:      basic_altar, cheibrodos_sewer_entry_sluice, uniq_duvessa
D:7:      okawaru_humans, nemelex_diamond_rough_becter
D:8:      minmay_lair_entry_lava, special_room, basic_altar, serial_shops,
          shop_fountains, nicolae_shop_behind_doors, shop
Temple:   nicolae_temple_no_exploring_needed
Lair:1:   portal_ice_cave_entry_ice_beasts, lab_entry_generic,
          infiniplex_staircase_pool
Sewer:    sewer_co_purgy_island
IceCv:    ice_cave_tombish

Skill      XL: |  1  2  3  4  5  6  7  8  9 10 |
---------------+-------------------------------+-----
Fighting       | 2 3 4 5 |  5.8
Throwing       | 3 4 |  4.1
Short Blades   | 1 2 |  2.1
Polearms       | 3 |  3.2
Maces & Flails | 4 7 10 12 | 12.0
Armour         | 1 |  1.2
Shields        | 3 6 7 |  7.7
Invocations    | 1 |  1.6
Dodging        | |  2.1
Spellcasting   | |  1.1
Hexes          | |  3.2

Action                   |  1- 3 |  4- 6 |  7- 9 | 10-12 || total
-------------------------+-------+-------+-------+-------++-------
Melee: Unarmed           |     5 |       |       |       ||     5
       Short sword       |    51 |   128 |       |       ||   179
       Dagger            |    48 |       |       |       ||    48
       Trident           |       |    20 |    21 |       ||    41
       Whip              |       |       |   361 |   106 ||   467
 Fire: Blowgun           |       |    13 |    24 |       ||    37
Throw: Javelin           |     3 |     8 |     4 |     5 ||    20
       Stone             |    51 |    27 |     2 |       ||    80
       Throwing net      |       |     4 |     1 |       ||     5
 Cast: Corona            |    36 |    16 |     4 |       ||    56
       Slow              |     1 |    18 |     5 |       ||    24
Invok: Renounce Religion |       |     1 |       |       ||     1
 Abil: Hop               |       |     3 |     1 |       ||     4
       Blink             |       |       |       |     2 ||     2
  Use: Scroll            |     1 |     3 |    15 |     1 ||    20
       Potion            |       |     2 |     4 |       ||     6
  Eat: Chunk             |     3 |     6 |    11 |     1 ||    21
       Bread ration      |     1 |     1 |       |       ||     2
       Royal jelly       |     1 |       |       |       ||     1
       Meat ration       |       |       |     1 |       ||     1
Armor: Robe              |     5 |       |       |       ||     5
       Leather armour    |    10 |    44 |     7 |       ||    61
       Ring mail         |       |       |   122 |    28 ||   150
       Skin              |       |       |    30 |       ||    30
Dodge: Dodged            |    50 |   123 |   119 |    20 ||   312
Block: Shield            |       |       |    95 |    27 ||   122
